 Dungeon Crawl Stone Soup version 0.29-a0-902-g0f71de6fce (webtiles) character file.

Game seed: 1932003651628855323

6263 enile the Fighter (level 11, -12/156 HPs)
             Began as a Formicid Hunter on July 25, 2022.
             Was a Priest of Cheibriados.
             Mangled by a two-headed ogre
             ... wielding a +0 giant club
              (18 damage)
             ... on level 11 of the Dungeon.
             The game lasted 00:19:49 (10662 turns).

enile the Fighter (Formicid Hunter)                Turns: 10662, Time: 00:19:49

Health: -12/156    AC: 25    Str: 28    XL:     11   Next: 15%
Magic:  16/16      EV:  2    Int: 14    God:    Cheibriados [***...]
Gold:   391        SH:  0    Dex: 27    Spells: 10/10 levels left

rFire   . . .      SeeInvis .   x - +2 arbalest
rCold   . . .      Faith    .   (no shield)
rNeg    . . .      Spirit   .   (body armour currently unavailable)
rPois   +          Reflect  .   (helmet unavailable)
rElec   .          Harm     .   (cloak currently unavailable)
rCorr   .          Rampage  .   (gloves currently unavailable)
Will    ++...                   (boots currently unavailable)
Stlth   +++.......              (no amulet)
HPRegen 0.36/turn               n - ring of willpower
MPRegen 0.15/turn               (no ring)

@: tree-form, very slow
A: stationary, stasis, torment immunity, boosted hp, permanent stasis, dig
shafts and tunnels, (antennae 3), four strong arms, robust 1, (shaggy fur 1),
strong 1, inability to drink while threatened 1, MP-powered wands
a: Renounce Religion, Bend Time, Temporal Distortion


You were on level 11 of the Dungeon.
You worshipped Cheibriados.
Cheibriados was most pleased with you.
You were a tree.
You visited 2 branches of the dungeon, and saw 13 of its levels.

You collected 391 gold pieces.

Inventory:

Hand Weapons
 a - a +0 shortbow
 d - a +0 morningstar of protection
 j - a +2 short sword of electrocution
 k - a +2 whip of venom
 u - a +2 flail of protection
 x - a +2 arbalest (weapon)
Missiles
 t - 2 silver javelins
 w - 2 boomerangs
Armour
 c - a +0 leather armour
 m - a +0 leather armour of fire resistance (melded)
 p - a +1 cloak (melded)
 y - a +2 robe of willpower
Magical Staves
 i - a staff of earth
Jewellery
 n - a ring of willpower (left branch)
Wands
 r - a wand of flame (22)
 s - a wand of roots (2) (quivered)
 B - a wand of mindburst (2)
Scrolls
 b - a scroll of immolation
 g - 4 scrolls of noise
 q - a scroll of vulnerability
 v - 2 scrolls of identify
 C - 3 scrolls of amnesia
 D - a scroll of acquirement {unknown}
Potions
 e - a potion of lignification
 f - 2 potions of haste
 l - a potion of flight
 o - 5 potions of brilliance
 A - a potion of resistance


   Skills:
 - Level 12.0 Fighting
 - Level 6.0 Ranged Weapons
 - Level 5.0 Armour
 + Level 5.4 Dodging
 - Level 3.0 Stealth
 - Level 7.0 Invocations
 - Level 6.0 Evocations


You had 10 spell levels left.
You didn't know any spells.
Your spell library contained the following spells:

 Spells                   Type           Power      Damage    Failure   Level
 Shock                    Conj/Air       0%         1d3       28%         1
 Slow                     Hex            0%         N/A       28%         1
 Call Canine Familiar     Summ           0%         N/A       65%         3
 Confusing Touch          Hex            0%         N/A       65%         3
 Ozocubu's Armour         Ice            0%         N/A       65%         3
 Portal Projectile        Hex/Tloc       0%         N/A       65%         3
 Vampiric Draining        Necr           0%         2d6       65%         3
 Airstrike                Air            0%         0-1+      96%         4
 Leda's Liquefaction      Hex/Erth       0%         N/A       96%         4
 Olgreb's Toxic Radiance  Pois           0%         N/A       96%         4
 Metabolic Englaciation   Hex/Ice        0%         N/A       100%        5
 Simulacrum               Ice/Necr       0%         N/A       100%        6
 Ozocubu's Refrigeration  Ice            0%         4d5       100%        7
 Ignition                 Fire           0%         3d3       100%        8
 Swiftness                Air            Unusable   N/A       N/A         3

Dungeon Overview and Level Annotations

Branches:
Dungeon (13/15)            Temple (1/1) D:5
   Lair: D:8-11         Orc: D:9-12      Vaults: D:13-14

Altars:
Ashenzari
Cheibriados
Dithmenos
Elyvilon
Fedhas
Gozag
Hepliaklqana
Kikubaaqudgha
Nemelex Xobeh
Okawaru
Qazlal
Ru
Sif Muna
Trog
Vehumet
Wu Jian
Xom
Yredelemnul
Zin
The Shining One

Shops:
D:3 (

Annotations:
D:3 3 runed translucent doors, Valamore's ghost, novice DECj
D:12 exclusion: vampire mosquito


Innate Abilities, Weirdness & Mutations

You are a tree.
Your roots penetrate the ground, keeping you stationary.
You cannot be teleported.
You are immune to unholy pain and torment.
Your maximum health is greatly increased.
Your equipment is partially melded.
You cannot be hasted, slowed, berserked, paralysed or teleported.
You can dig through walls and to a lower floor.
((You have a pair of large antennae on your head. (SInv)))
Your four strong arms can wield two-handed weapons with a shield.
You are robust. (+10% HP)
((You are covered in fur. (AC +1)))
Your muscles are strong. (Str +4, Int/Dex -1)
You occasionally lose the ability to drink potions when taking damage.
You expend magic power (3 MP) to strengthen your wands.


Message History

You feel clumsy.
You no longer feel strong-willed.
You feel robust.
You feel stronger.
You occasionally lose the ability to drink potions when threatened.
You feel your magical essence link to the dungeon's wands.
You feel less invigorated.
You feel less confused. The yak gores you but does no damage.
The orc wizard gestures wildly while chanting.
The orc wizard flickers and vanishes!
Deactivating autopickup; reactivate with Ctrl-A.
Unknown command.
Fire: x) +2 arbalest
Press: ? - help, Shift-Dir - straight line, f - two-headed ogre, p - yak
Aim: a two-headed ogre, wielding a +0 giant club and a +0 giant spiked club (82% to hit)
You shoot a bolt.
The bolt barely misses the two-headed ogre.
The yak gores you but does no damage. The yak barely misses you.
The two-headed ogre hits you with a +0 giant club.
* * * LOW HITPOINT WARNING * * *
The two-headed ogre hits you but does no damage.
Fire: x) +2 arbalest
Press: ? - help, Shift-Dir - straight line, f/p - two-headed ogre
Aim: a two-headed ogre, wielding a +0 giant club and a +0 giant spiked club (82% to hit)
You shoot a bolt. The bolt hits the two-headed ogre.
The two-headed ogre is lightly wounded.
The yak gores you but does no damage.
The two-headed ogre hits you with a +0 giant club!
* * * LOW HITPOINT WARNING * * *
The two-headed ogre hits you with a +0 giant spiked club!
* * * LOW HITPOINT WARNING * * *
Fire: x) +2 arbalest
Press: ? - help, Shift-Dir - straight line, f/p - two-headed ogre
Aim: a two-headed ogre, wielding a +0 giant club and a +0 giant spiked club (lightly wounded, 82% to hit)
You shoot a bolt. The bolt hits the two-headed ogre.
The two-headed ogre is lightly wounded.
The yak gores you but does no damage. x2
The two-headed ogre hits you with a +0 giant club!!
* * * LOW HITPOINT WARNING * * *
The two-headed ogre hits you with a +0 giant spiked club!!
You die...

#......>...###
#......###...#
#............#
.Y...#..##...#
..##.#..##.###
......YY...#
######Y#### {
#Y# { #♣# { {
#.O......
#..#####. {
...# #...
#..## #..#
#...


You could see a two-headed ogre and 4 yaks.

Vanquished Creatures
  A hydra (D:11)
  2 two-headed ogres (D:12)
  An unseen horror (D:12)
  2 hornets (D:9)
  2 shadows
  6 yaks
  2 acid dragons
  Duvessa (D:5)
  A centaur (D:9)
  A phantom (D:5)
  A kobold brigand (D:9)
  A bullfrog (D:8)
  A gnoll sergeant (D:9)
  3 necrophages (D:4)
  3 scorpions
  Dowan (D:5)
  13 killer bees (D:9)
  2 howler monkeys (D:8)
  A centaur zombie (D:4)
  3 orc priests
  A human zombie (D:4)
  3 gnoll boudas
  7 orc wizards
  5 iguanas
  3 hound zombies (D:4)
  A mummy (D:4)
  A howler monkey zombie (D:4)
  6 adders
  13 gnolls
  2 white imps
  2 adder zombies (D:4)
  22 orcs
  7 bats
  11 endoplasms
  2 giant cockroaches
  8 goblins
  8 hobgoblins
  2 jackals (D:5)
  17 kobolds
  3 quokkas
  8 ball pythons
  2 frilled lizards
  2 rats
  3 rat zombies (D:3)
187 creatures vanquished.

Vanquished Creatures (others)
  An orc wizard (D:8)
  4 toadstools (D:1)
5 creatures vanquished.

Grand Total: 192 creatures vanquished

Notes
Turn   | Place    | Note
-------+----------+-------------------------------------------
     0 | D:1      | enile the Formicid Hunter began the quest for the Orb.
     0 | D:1      | Reached XP level 1. HP: 16/16 MP: 1/1
   101 | D:1      | Reached XP level 2. HP: 23/23 MP: 2/2
   205 | D:1      | Reached skill level 3 in Fighting
   559 | D:1      | Reached XP level 3. HP: 29/29 MP: 3/3
   935 | D:2      | Reached skill level 4 in Fighting
  1137 | D:2      | Reached XP level 4. HP: 34/35 MP: 4/4
  1658 | D:3      | Found a glowing golden altar of the Shining One.
  1731 | D:3      | Found Luvexzeo's Weapon Shoppe.
  1999 | D:3      | Gained mutation: You are agile. (Dex +4, Str/Int -1)
                  | [potion of mutation]
  1999 | D:3      | Gained mutation: You are strong-willed. (Will+) [potion of
                  | mutation]
  1999 | D:3      | Gained mutation: You are covered in fur. (AC +1) [potion of
                  | mutation]
  2007 | D:3      | Reached XP level 5. HP: 23/42 MP: 5/5
  2271 | D:3      | Found a faded altar of an unknown god.
  2609 | D:3      | Found a runed translucent gate.
  2609 | D:3      | Found a runed translucent gate.
  2609 | D:3      | Found an opulent altar of Gozag.
  2732 | D:3      | Found a runed translucent gate.
  2736 | D:3      | Noticed Valamore's ghost (novice DECj)
  2761 | D:3      | Found an ancient bone altar of Kikubaaqudgha.
  2814 | D:3      | Became a worshipper of the Shining One
  3099 | D:4      | Found an opulent altar of Gozag.
  3100 | D:4      | Found a broken altar of Ashenzari.
  3102 | D:4      | Found a hazy altar of Hepliaklqana.
  3102 | D:4      | Found a bloodstained altar of Trog.
  3103 | D:4      | Found an ornate altar of the Wu Jian Council.
  3103 | D:4      | Found a sparkling altar of Nemelex Xobeh.
  3390 | D:4      | Reached skill level 5 in Fighting
  3390 | D:4      | Reached XP level 6. HP: 38/51 MP: 6/6
  3639 | D:4      | Reached skill level 6 in Fighting
  4190 | D:4      | Reached XP level 7. HP: 56/58 MP: 8/8
  4473 | D:4      | Reached * piety under the Shining One
  4510 | D:4      | Found a basalt altar of Yredelemnul.
  4531 | D:4      | Reached skill level 5 in Invocations
  4593 | D:4      | Reached skill level 1 in Armour
  4672 | D:5      | Entered Level 5 of the Dungeon
  4921 | D:5      | Found a staircase to the Ecumenical Temple.
  4979 | D:5      | Reached XP level 8. HP: 6/64 MP: 8/11
  5720 | D:5      | Noticed Duvessa
  5721 | D:5      | Noticed Dowan
  5735 | D:5      | Killed Duvessa
  5736 | D:5      | Reached skill level 5 in Dodging
  5749 | D:5      | Killed Dowan
  6279 | Temple   | Entered the Ecumenical Temple
  6279 | Temple   | Found a transporter.
  6279 | Temple   | Found a transporter.
  6281 | Temple   | Found a transporter.
  6281 | Temple   | Found a transporter.
  6324 | Temple   | Fell from the grace of the Shining One
  6324 | Temple   | Became a worshipper of Cheibriados the Contemplative
  6408 | D:6      | You fall into a shaft and drop 3 floors!
  6606 | D:9      | Noticed a yak
  6779 | D:8      | Reached skill level 7 in Fighting
  6900 | D:8      | Reached * piety under Cheibriados
  6914 | D:8      | Reached skill level 8 in Fighting
  6914 | D:8      | Reached XP level 9. HP: 23/73 MP: 12/12
  7679 | D:9      | Reached skill level 9 in Fighting
  8094 | D:9      | Reached skill level 10 in Fighting
  8619 | D:9      | Reached ** piety under Cheibriados
  8718 | D:9      | Reached skill level 5 in Ranged Weapons
  9151 | D:9      | Noticed a hornet
  9156 | D:9      | Reached XP level 10. HP: 85/85 MP: 15/15
  9171 | D:9      | Reached skill level 1 in Evocations
  9543 | D:9      | Reached skill level 5 in Evocations
 10038 | D:10     | Entered Level 10 of the Dungeon
 10044 | D:10     | Reached *** piety under Cheibriados
 10112 | D:10     | You fall into a shaft and drop 3 floors!
 10361 | D:13     | Noticed a centaur warrior
 10364 | D:12     | Noticed an unseen horror
 10367 | D:12     | Killed an unseen horror
 10397 | D:12     | Noticed a two-headed ogre
 10402 | D:12     | Killed a two-headed ogre
 10403 | D:12     | Reached skill level 11 in Fighting
 10418 | D:12     | Noticed a two-headed ogre
 10424 | D:12     | Killed a two-headed ogre
 10638 | D:11     | Noticed a five-headed hydra
 10653 | D:11     | Killed a five-headed hydra
 10654 | D:11     | Reached skill level 12 in Fighting
 10654 | D:11     | Reached skill level 5 in Armour
 10654 | D:11     | Reached XP level 11. HP: 14/95 MP: 16/16
 10657 | D:11     | Noticed a two-headed ogre
 10659 | D:11     | Lost mutation: You are agile. (Dex +4, Str/Int -1) [potion
                  | of mutation]
 10659 | D:11     | Lost mutation: You are strong-willed. (Will+) [potion of
                  | mutation]
 10659 | D:11     | Gained mutation: You are robust. (+10% HP) [potion of
                  | mutation]
 10659 | D:11     | Gained mutation: Your muscles are strong. (Str +4, Int/Dex
                  | -1) [potion of mutation]
 10659 | D:11     | Gained mutation: You occasionally lose the ability to drink
                  | potions when taking damage. [potion of mutation]
 10659 | D:11     | Gained mutation: You expend magic power (3 MP) to
                  | strengthen your wands. [potion of mutation]
 10662 | D:11     | HP: 6/156 [two-headed ogre/+0 giant club (19)]
 10662 | D:11     | Mangled by a two-headed ogre

Illustrated notes

Levels and vault maps discovered:
D:1:      ldierk_water_garden, layout_basic, serial_aquarium,
          aquarium_bridge_long_joined [aquarium_subvault_bridge,
          aquarium_subvault_bridge, aquarium_subvault_bridge,
          aquarium_subvault_wall, aquarium_subvault_bridge,
          aquarium_subvault_bridge], aquarium_bridge_island_small
          [aquarium_subvault_small_open, aquarium_subvault_wall,
          aquarium_subvault_window, aquarium_subvault_bridge,
          aquarium_subvault_bridge], aquarium_window_fake, aquarium_window_1,
          aquarium_window_1, aquarium_view_2b, amcnicky_mini_pool_small,
          dreamdust_princess_corridor, grunt_decor_one_mirror
D:2:      minmay_door_path, layout_basic
D:3:      layout_loops_ring, tso_metal_star, lemuel_zombie_altar_kikubaaqudgha,
          ebering_ghost_gozag, hellmonk_ecumenical_altar_inner_sanctum,
          serial_shops, nicolae_shop_bloodbath_and_beyond, minmay_quadrilaterals
D:4:      layout_cave_pods, lemuel_mausoleum_altar_yredelemnul,
          grunt_temple_overflow_open
D:5:      layout_gridville, minmay_temple_entry_glass, minmay_between,
          uniq_duvessa
D:6:      layout_basic
D:8:      layout_loops_ring, nicolae_ossuary_entry_monument,
          mrwooster_statue_mirror
D:9:      layout_basic
D:10:     layout_stronghold, erik_orc_3
D:11:     layout_loops_cross, erik_lair_orcish_takeover, tgw_trog
D:12:     layout_roguey
D:13:     layout_cave_pools, nrook_guardian_serpent_ordinary
Temple:   hellmonk_temple_divided_pantheon

Skill      XL: |  1  2  3  4  5  6  7  8  9 10 |
---------------+-------------------------------+-----
Fighting       | 3 4 5 6 8 10 12 | 12.0
Stealth        | 2 3 |  3.0
Dodging        | 2 3 4 5 |  5.4
Invocations    | 2 5 7 |  7.0
Armour         | 3 5 |  5.0
Ranged Weapons | 5 6 |  6.0
Evocations     | 6 |  6.0

Action                   |  1- 3 |  4- 6 |  7- 9 | 10-12 || total
-------------------------+-------+-------+-------+-------++-------
Melee: Short sword       |       |     8 |   137 |       ||   145
       Punch             |       |       |     6 |       ||     6
       Whip              |       |       |    90 |    10 ||   100
       Flail             |       |       |    35 |       ||    35
 Fire: Shortbow          |    61 |   165 |    25 |       ||   251
       Arbalest          |       |       |    23 |    58 ||    81
Throw: Throwing net      |       |       |     2 |       ||     2
       Dart              |       |       |       |     1 ||     1
Invok: Divine Shield     |       |       |     2 |       ||     2
 Abil: Dig               |     1 |     1 |     3 |     1 ||     6
       Shaft Self        |       |       |     1 |     1 ||     2
Evoke: Wand              |       |       |     9 |     9 ||    18
  Use: Scroll            |     4 |     6 |     5 |     2 ||    17
       Potion            |       |     5 |     6 |     6 ||    17
 Stab: Sleeping          |       |       |     2 |       ||     2
Armor: Leather armour    |     9 |    13 |    70 |    13 ||   105
       Skin              |       |       |       |     6 ||     6
Dodge: Dodged            |    23 |    73 |   235 |    72 ||   403
Block: Other             |       |       |    11 |       ||    11

Table legend: (Time is in decaauts)
 A = Elapsed time spent in this place.
 B = Non-inter-level travel time spent in this place.
 C = Inter-level travel time spent in this place.
 D = Time resting spent in this place.
 E = Time spent auto-exploring this place.
 F = Levels seen in this place.
 G = Mean time per level.
                   A        B        C        D        E       F      G
               +--------+--------+--------+--------+--------+-----+--------+
         Total |  11646 |  11128 |    518 |    339 |   8896 |  13 |  895.8 |
       Dungeon |  11584 |  11077 |    507 |    339 |   8890 |  12 |  965.3 |
        Temple |     62 |     52 |     10 |      0 |      6 |   1 |   62.0 |
               +--------+--------+--------+--------+--------+-----+--------+

Top non-repeatable levels by time:
     D:9: 3123 daAuts
     D:4: 1876 daAuts
     D:5: 1585 daAuts
     D:8: 1281 daAuts
     D:3: 1216 daAuts
     D:2: 956 daAuts
     D:1: 713 daAuts
    D:12: 315 daAuts
    D:13: 261 daAuts
     D:6: 113 daAuts
    D:10: 110 daAuts
  Temple: 62 daAuts
    D:11: 31 daAuts
